Silver Tips vs Reign

Created - Friday, February 7, 2025 at 06:16

Goals
1 2 3 OT1 SO T
Silver Tips 2 2 0 0 1 4
Reign 4 0 0 0 2 5
Shots
1 2 3 OT1 SO T
Silver Tips 9 14 13 3 3 39
Reign 9 14 4 1 3 28

1st period

1. Reign , Turner Elson 7 (Walker Duehr 21) at 3:26
2. Silver Tips , Kailer Yamamoto 16 (Nathan Todd 19, Adam Cracknell 7) at 4:08
3. Reign , Dillon Dube 18 (Steven Lorentz 25, Samuel Blais 29) at 5:23
4. Reign , Victor Mete 6 (Turner Elson 19, Walker Duehr 22) at 10:54
5. Reign , Turner Elson 8 (Walker Duehr 23, Daniel Walcott 8) at 11:35
6. Silver Tips , Marc Staal 11 (Kailer Yamamoto 21, Juuso Parssinen 14) at 12:12 (PP)

Penalties :
Marc Staal (EVT) for Interference (Minor) at 5:32, Sheldon Dries (ONT) for Diving (Minor) at 11:59, Erik Gustafsson (EVT) for Hooking (Minor) at 14:26

2nd period

7. Silver Tips , David Jiricek 3 (Adam Cracknell 8) at 8:01 (PP)
8. Silver Tips , Adam Cracknell 5 (David Jiricek 25, Kailer Yamamoto 22) at 8:13

Penalties :
Turner Elson (ONT) for Roughing (Double Minor) at 4:43, Sebastian Cossa (EVT) for Delaying the game (Minor) at 8:31 - Elmer Soderblom served the penalty., Billy Sweezey (ONT) for Tripping (Minor) at 16:37

3rd period

No Goal

Penalties :
Samuel Fagemo (EVT) for Interference (Minor) at 4:32, Josiah Didier (ONT) for Interference (Minor) at 10:33, Samuel Blais (ONT) for High sticking (Minor) at 11:54

Overtime #1

No Goal

Penalties :
No Penalty

Shootout

Silver Tips, Samuel Fagemo - Goal!
Reign, Walker Duehr - Goal!
Silver Tips, Juuso Parssinen - Stopped by Matt Murray
Reign, Samuel Blais - Stopped by Sebastian Cossa
Silver Tips, Kailer Yamamoto - Shot Misses the Net
Reign, Sheldon Dries - Goal!

Penalties :
No Penalty

Goalie Stats

Sebastian Cossa (EVT), 19 saves from 19 shots - (1.000), OTL, 6-2-3, 53:25 minutes
Joel Hofer (EVT), 5 saves from 9 shots - (0.556), 11:35 minutes
Matt Murray (ONT), 35 saves from 39 shots - (0.897), W, 21-7-2, 65:00 minutes

Players Stats for Silver Tips

Player Name              G  A  P  +/- PIM S  H  SB GA TA FO     MP     PP MP  PK MP  
------------------------------------------------------------------------------------
Adam Cracknell           1  2  3   2  0   4  1  0  0  0  4/6    11:33   0:22   0:00 
Brock McGinn             0  0  0  -1  0   4  0  1  0  0  0/1    21:17   3:47   2:22 
Caleb Jones              0  0  0  -1  0   5  2  1  0  0  0/0    21:10   3:53   3:29 
Chase De Leo             0  0  0  -2  0   1  0  0  0  0  0/0    15:41   0:22   0:26 
David Jiricek            1  1  2  -1  0   2  0  0  0  0  0/0    17:01   0:38   1:25 
Dylan Holloway           0  0  0  -1  0   3  0  1  0  0  16/22  22:07   3:47   4:32 
Elmer Soderblom          0  0  0  -1  0   1  0  0  0  0  2/3    17:04   3:47   0:00 
Erik Gustafsson          0  0  0   0  2   1  2  3  0  0  0/0    25:34   4:57   3:54 
Jeremy Davies            0  0  0  -1  0   0  1  0  0  0  0/0    17:05   0:00   1:14 
Juuso Parssinen          0  1  1  -1  0   3  3  1  0  0  8/20   18:40   4:41   4:50 
Kailer Yamamoto          1  2  3   1  0   2  1  0  0  0  1/5    23:58   4:41   2:22 
Marc Staal               1  0  1   0  2   2  4  2  0  0  0/0    24:26   4:19   3:18 
Nathan Todd              0  1  1   1  0   0  1  0  0  0  9/15   15:04   0:00   0:00 
Patrick Maroon           0  0  0   0  0   0  0  0  0  0  0/0     0:00   0:00   0:00 
Raphael Lavoie           0  0  0  -2  0   2  1  1  0  0  7/11   16:35   0:22   1:20 
Rem Pitlick              0  0  0   0  0   0  0  0  0  0  0/0     0:00   0:00   0:00 
Samuel Fagemo            0  0  0  -2  2   7  3  0  0  0  1/3    20:04   4:41   0:00 
Yegor Zamula             0  0  0  -1  0   2  0  0  0  0  0/0    19:42   3:53   2:32 

Players Stats for Reign

Player Name              G  A  P  +/- PIM S  H  SB GA TA FO     MP     PP MP  PK MP  
------------------------------------------------------------------------------------
Billy Sweezey            0  0  0   2  2   0  3  0  0  0  0/0    19:06   0:00   3:23 
Corey Andonovski         0  0  0   0  0   0  0  0  0  0  0/1     5:59   0:17   0:00 
Daniel Walcott           0  1  1   2  0   4  0  1  0  0  8/19   22:48   2:39   3:17 
Dillon Dube              1  0  1   1  0   1  0  0  0  0  5/13   11:18   0:00   0:00 
Josiah Didier            0  0  0   0  2   3  1  0  0  0  0/0    16:54   3:32   3:31 
Justin Schultz           0  0  0  -1  0   0  1  0  0  0  0/0    13:11   0:00   0:00 
Marshall Rifai           0  0  0   0  0   0  0  0  0  0  0/0     3:57   1:47   0:42 
Mason Geertsen           0  0  0   2  0   0  3  0  0  0  4/13   24:57   3:29   4:06 
Oskar Lindblom           0  0  0  -2  0   2  0  0  0  0  0/3    19:03   4:22   1:03 
Ryan Lomberg             0  0  0  -2  0   1  4  1  0  0  0/0    17:12   4:05   0:00 
Samuel Blais             0  1  1   1  2   3  5  1  0  0  2/5    23:05   2:21   3:48 
Sheldon Dries            0  0  0  -1  2   4  0  0  0  0  16/26  22:28   4:22   2:00 
Steven Lorentz           0  1  1   1  0   1  1  1  0  0  2/3    17:38   3:16   2:28 
Topi Niemela             0  0  0  -1  0   1  2  1  0  0  0/0    21:32   3:29   4:09 
Turner Elson             2  1  3   3  4   4  2  1  0  0  1/2    15:54   1:13   0:19 
Victor Mete              1  0  1   1  0   2  0  0  0  0  0/0    24:36   2:40   4:14 
Walker Duehr             0  3  3   3  0   1  0  1  0  0  0/1    15:36   1:13   0:00 
Will Riedell             0  0  0   1  0   1  0  1  0  0  0/0    10:13   0:55   1:41 

3 Stars

1 - Turner Elson (ONT)
2 - Adam Cracknell (EVT)
3 - Walker Duehr (ONT)

Power Play

Silver Tips - 2 on 6 Attempt(s) - 33.33%
Reign - 0 on 4 Attempt(s) - 0.00%

Penalty Kill

Silver Tips - 4 on 4 Attempt(s) - 100.00% - Score 0 goal in Penalty Kill
Reign - 4 on 6 Attempt(s) - 66.67% - Score 0 goal in Penalty Kill

Team Stat

Silver Tips - Hits : 19 - Faceoff Wins : 48 - Blocked Shots : 10 - Penalty Minutes : 8
Reign - Hits : 22 - Faceoff Wins : 38 - Blocked Shots : 8 - Penalty Minutes : 12

Official

Referees : Michael Markovic and Mitch Dunning
Linesman : Derek Nansen and Kilian McNamara

Game Notes

Sebastian Cossa enters game at 11:35 of 1st period

Finance

Level 1 -- Attendance: 1728 (86.40%) -- Ticket Income $60,480
Level 2 -- Attendance: 900 (90.00%) -- Ticket Income $13,500
Total Attendance: 2628 (87.60%)
Total Ticket Income: $73,980
Other Income: $36,250
Total Income: $110,230

Silver Tips

5 vs 5 Forward 
   Center                   Left Wing                Right Wing               Time % Phy DF OF 
 1 Juuso Parssinen          Nathan Todd              Kailer Yamamoto          25     1   2  2  
 2 Dylan Holloway           Elmer Soderblom          Brock McGinn             25     1   2  2  
 3 Raphael Lavoie           Chase De Leo             Samuel Fagemo            25     1   2  2  
 4 Nathan Todd              Kailer Yamamoto          Adam Cracknell           25     1   2  2  

5 vs 5 Defense 
   Defense                  Defense                                           Time % Phy DF OF 
 1 Erik Gustafsson          Marc Staal                                        25     1   2  2  
 2 Caleb Jones              Yegor Zamula                                      25     1   2  2  
 3 David Jiricek            Jeremy Davies                                     25     1   2  2  
 4 Erik Gustafsson          Marc Staal                                        25     1   2  2  

PowerPlay Forward 
   Center                   Left Wing                Right Wing               Time % Phy DF OF 
 1 Juuso Parssinen          Samuel Fagemo            Kailer Yamamoto          60     1   2  2  
 2 Dylan Holloway           Elmer Soderblom          Brock McGinn             40     1   2  2  

PowerPlay Defense
   Defense                  Defense                                           Time % Phy DF OF 
 1 Erik Gustafsson          Marc Staal                                        60     1   2  2  
 2 Caleb Jones              Yegor Zamula                                      40     1   2  2  

Penalty Kill 4 Players Forward 
   Center                   Wing                     Time % Phy DF OF 
 1 Dylan Holloway           Juuso Parssinen          60     1   2  2  
 2 Kailer Yamamoto          Brock McGinn             40     1   2  2  

Penalty Kill 4 Players Defense
   Defense                  Defense                  Time % Phy DF OF 
 1 Erik Gustafsson          Marc Staal               60     1   2  2  
 2 Caleb Jones              Yegor Zamula             40     1   2  2  

Penalty Kill - 3 Players Forward 
   Forward                                           Time % Phy DF OF 
 1 Kailer Yamamoto                                   60     1   2  2  
 2 Juuso Parssinen                                   40     1   2  2  

Penalty Kill - 3 Players Defense
   Defense                  Defense                  Time % Phy DF OF 
 1 Erik Gustafsson          Marc Staal               60     1   2  2  
 2 Caleb Jones              Yegor Zamula             40     1   2  2  

4 vs 4 Forward 
   Center                   Wing                     Time % Phy DF OF 
 1 Raphael Lavoie           Juuso Parssinen          60     1   2  2  
 2 Kailer Yamamoto          Brock McGinn             40     1   2  2  

4 vs 4 Defense
   Defense                  Defense                  Time % Phy DF OF 
 1 Erik Gustafsson          Marc Staal               60     1   2  2  
 2 Caleb Jones              Yegor Zamula             40     1   2  2  

Last Minutes Offensive
   Center                   Left Wing                Right Wing               Defense                  Defense                  
   Juuso Parssinen          Brock McGinn             Kailer Yamamoto          Erik Gustafsson          Marc Staal               

Last Minutes Defensive
   Center                   Left Wing                Right Wing               Defense                  Defense                  
   Juuso Parssinen          Brock McGinn             Kailer Yamamoto          Erik Gustafsson          Marc Staal               

Goaltenders
Starting : Joel Hofer               
Backup : Sebastian Cossa          

Extra Forwards
Normal : Juuso Parssinen, Samuel Fagemo, Raphael Lavoie - PP : Juuso Parssinen, Samuel Fagemo - PK : Raphael Lavoie
Extra Defensemen
Normal : David Jiricek, Jeremy Davies, Caleb Jones - PP : David Jiricek - PK : Jeremy Davies, Caleb Jones
Penalty Shots
Samuel Fagemo, Juuso Parssinen, Kailer Yamamoto, Brock McGinn, Dylan Holloway
Custom OT Lines Forwards
Adam Cracknell, Juuso Parssinen, Kailer Yamamoto, Brock McGinn, Dylan Holloway, Samuel Fagemo, Raphael Lavoie, Elmer Soderblom, Nathan Todd, Chase De Leo
Custom OT Lines Defensemen
Erik Gustafsson, Marc Staal, Caleb Jones, Yegor Zamula, David Jiricek

Scratches
Santtu Kinnunen (Healthy), Adam Ginning (Healthy), Henri Nikkanen (Healthy), William Trudeau (Healthy), Brendan Perlini (Healthy)
Tyce Thompson (Healthy), Mikael Pyyhtia (Healthy), Olle Lycksell (Healthy), Hayden Hodgson (Healthy), Adam Edstrom (Healthy)
Navrin Mutter (Healthy), Zack Ostapchuk (Healthy), Aku Raty (Healthy), Gustav Olofsson (Healthy), Alexander Kisakov (Healthy)
Maximus Wanner (Healthy), Andre Lee (Healthy), Carter Savoie (Healthy), Jeremy McKenna (Healthy), Nathan Gaucher (Healthy)
Ryan Hofer (Healthy), Blade Jenkins (Healthy), Riley Sawchuk (Healthy), Judd Caulfield (Healthy), Tarun Fizer (Healthy)
Jake Wise (Healthy), Mitch Reinke (Healthy), Rourke Chartier (Healthy), Mike O'Leary (Healthy), Joel Teasdale (Healthy)
Tate Singleton (Healthy), Joseph Cecconi (Healthy), Peter DiLiberatore (Healthy), Leevi Merilainen (Healthy), Vadim Zherenko (Healthy)
Remi Poirier (Healthy), Colten Ellis (Healthy), Dustin Wolf (Healthy)

Reign

5 vs 5 Forward 
   Center                   Left Wing                Right Wing               Time % Phy DF OF 
 1 Dillon Dube              Steven Lorentz           Samuel Blais             25     1   2  2  
 2 Sheldon Dries            Oskar Lindblom           Ryan Lomberg             25     1   2  2  
 3 Daniel Walcott           Turner Elson             Walker Duehr             25     1   2  2  
 4 Samuel Blais             Daniel Walcott           Corey Andonovski         25     1   2  2  

5 vs 5 Defense 
   Defense                  Defense                                           Time % Phy DF OF 
 1 Victor Mete              Josiah Didier                                     25     1   2  2  
 2 Topi Niemela             Justin Schultz                                    25     1   2  2  
 3 Mason Geertsen           Billy Sweezey                                     25     1   2  2  
 4 Will Riedell             Victor Mete                                       25     1   2  2  

PowerPlay Forward 
   Center                   Left Wing                Right Wing               Time % Phy DF OF 
 1 Daniel Walcott           Steven Lorentz           Samuel Blais             60     1   2  2  
 2 Sheldon Dries            Oskar Lindblom           Ryan Lomberg             40     1   2  2  

PowerPlay Defense
   Defense                  Defense                                           Time % Phy DF OF 
 1 Victor Mete              Josiah Didier                                     60     1   2  2  
 2 Topi Niemela             Mason Geertsen                                    40     1   2  2  

Penalty Kill 4 Players Forward 
   Center                   Wing                     Time % Phy DF OF 
 1 Mason Geertsen           Samuel Blais             60     1   2  2  
 2 Sheldon Dries            Steven Lorentz           40     1   2  2  

Penalty Kill 4 Players Defense
   Defense                  Defense                  Time % Phy DF OF 
 1 Victor Mete              Josiah Didier            60     1   2  2  
 2 Topi Niemela             Billy Sweezey            40     1   2  2  

Penalty Kill - 3 Players Forward 
   Forward                                           Time % Phy DF OF 
 1 Steven Lorentz                                    60     1   2  2  
 2 Samuel Blais                                      40     1   2  2  

Penalty Kill - 3 Players Defense
   Defense                  Defense                  Time % Phy DF OF 
 1 Victor Mete              Josiah Didier            60     1   2  2  
 2 Topi Niemela             Billy Sweezey            40     1   2  2  

4 vs 4 Forward 
   Center                   Wing                     Time % Phy DF OF 
 1 Dillon Dube              Samuel Blais             60     1   2  2  
 2 Sheldon Dries            Steven Lorentz           40     1   2  2  

4 vs 4 Defense
   Defense                  Defense                  Time % Phy DF OF 
 1 Victor Mete              Josiah Didier            60     1   2  2  
 2 Topi Niemela             Will Riedell             40     1   2  2  

Last Minutes Offensive
   Center                   Left Wing                Right Wing               Defense                  Defense                  
   Dillon Dube              Steven Lorentz           Samuel Blais             Victor Mete              Josiah Didier            

Last Minutes Defensive
   Center                   Left Wing                Right Wing               Defense                  Defense                  
   Dillon Dube              Steven Lorentz           Samuel Blais             Victor Mete              Josiah Didier            

Goaltenders
Starting : Matt Murray              
Backup : Parker Gahagen           

Extra Forwards
Normal : Walker Duehr, Turner Elson, Daniel Walcott - PP : Walker Duehr, Turner Elson - PK : Daniel Walcott
Extra Defensemen
Normal : Mason Geertsen, Billy Sweezey, Will Riedell - PP : Mason Geertsen - PK : Billy Sweezey, Will Riedell
Penalty Shots
Walker Duehr, Samuel Blais, Sheldon Dries, Steven Lorentz, Oskar Lindblom
Custom OT Lines Forwards
Mason Geertsen, Samuel Blais, Sheldon Dries, Steven Lorentz, Oskar Lindblom, Ryan Lomberg, Walker Duehr, Turner Elson, Daniel Walcott, Corey Andonovski
Custom OT Lines Defensemen
Victor Mete, Josiah Didier, Topi Niemela, Will Riedell, Mason Geertsen

Scratches
Evan Polei (Healthy), Vincent Arseneau (Healthy), Josh Healey (Healthy), Brett Harrison (Healthy), Kevin Conley (Healthy)
Joey Abate (Healthy), Ryder Korczak (Healthy), Ryan MacKinnon (Healthy), Samuel Laberge (Healthy), Dylan Wells (Healthy)

% Time on Ice - Silver Tips

Lines # - Real PCT - Wanted PCT - Time Play
Normal Forward
1 - 15% - 25% - 6:31
2 - 31% - 25% - 13:17
3 - 34% - 25% - 14:53
4 - 20% - 25% - 8:33
Normal Defense
1 - 19% - 25% - 8:18
2 - 31% - 25% - 13:17
3 - 35% - 25% - 14:58
4 - 15% - 25% - 6:41
PP Forward
1 - 57% - 60% - 5:03
2 - 43% - 40% - 3:47
PP Defense
1 - 56% - 60% - 4:57
2 - 44% - 40% - 3:53
PK Forward
1 - 70% - 60% - 5:34
2 - 30% - 40% - 2:22
PK Defense
1 - 70% - 60% - 5:32
2 - 30% - 40% - 2:24
PK3 Forward
1 - 0% - 60%
2 - 0% - 40%
PK3 Defense
1 - 0% - 60%
2 - 0% - 40%
44 Forward
1 - 0% - 60%
2 - 0% - 40%
44 Defense
1 - 0% - 60%
2 - 0% - 40%
Last Minute Offensive  - 0:00
Last Minute Defensive  - 0:00
Total
Forward - 60:00
Defense - 60:00

% Time on Ice - Reign

Lines # - Real PCT - Wanted PCT - Time Play
Normal Forward
1 - 23% - 25% - 10:05
2 - 30% - 25% - 13:04
3 - 33% - 25% - 14:23
4 - 13% - 25% - 5:42
Normal Defense
1 - 17% - 25% - 7:30
2 - 30% - 25% - 13:11
3 - 35% - 25% - 14:56
4 - 18% - 25% - 7:37
PP Forward
1 - 45% - 60% - 3:34
2 - 55% - 40% - 4:22
PP Defense
1 - 45% - 60% - 3:32
2 - 55% - 40% - 4:24
PK Forward
1 - 78% - 60% - 6:22
2 - 22% - 40% - 1:50
PK Defense
1 - 55% - 60% - 4:32
2 - 45% - 40% - 3:40
PK3 Forward
1 - 100% - 60% - 0:38
2 - 0% - 40% - 0:00
PK3 Defense
1 - 74% - 60% - 0:28
2 - 26% - 40% - 0:10
44 Forward
1 - 0% - 60%
2 - 0% - 40%
44 Defense
1 - 0% - 60%
2 - 0% - 40%
Last Minute Offensive  - 0:00
Last Minute Defensive  - 0:00
Total
Forward - 60:00
Defense - 60:00

Play-by-Play

1st period


0:01 of 1st period - Juuso Parssinen wins face-off versus Dillon Dube in neutral zone.
0:19 of 1st period - Dillon Dube is hit by Marc Staal and loses puck.
1:10 of 1st period - Brock McGinn is hit by Justin Schultz and loses puck.
2:03 of 1st period - Off-side.
2:04 of 1st period - Nathan Todd wins face-off versus Samuel Blais in neutral zone.
2:50 of 1st period - Shot by Raphael Lavoie.
2:50 of 1st period - Shot Misses the Net.
2:54 of 1st period - Shot by Raphael Lavoie.
2:54 of 1st period - Stopped by Matt Murray without a rebound.
2:55 of 1st period - Sheldon Dries wins face-off versus Dylan Holloway in Reign zone.
3:26 of 1st period - Shot by Turner Elson.
3:26 of 1st period - Goal by Turner Elson - Silver Tips : 0 - Reign : 1.
3:27 of 1st period - Dillon Dube wins face-off versus Raphael Lavoie in neutral zone.
3:32 of 1st period - Chase De Leo is hit by Samuel Blais and loses puck.
3:39 of 1st period - Shot by David Jiricek.
3:39 of 1st period - Stopped by Matt Murray without a rebound.
3:40 of 1st period - Nathan Todd wins face-off versus Sheldon Dries in Reign zone.
4:08 of 1st period - Shot by Kailer Yamamoto.
4:08 of 1st period - Goal by Kailer Yamamoto - Silver Tips : 1 - Reign : 1.
4:09 of 1st period - Raphael Lavoie wins face-off versus Daniel Walcott in neutral zone.
4:22 of 1st period - Shot by Samuel Fagemo.
4:22 of 1st period - Shot Misses the Net.
4:43 of 1st period - Daniel Walcott is hit by Jeremy Davies and loses puck.
5:14 of 1st period - Shot by Dillon Dube.
5:14 of 1st period - Deflect By Steven Lorentz.
5:14 of 1st period - Shot Blocked by Raphael Lavoie.
5:16 of 1st period - Shot by Samuel Blais.
5:16 of 1st period - Deflect By Dillon Dube.
5:16 of 1st period - Shot Misses the Net.
5:23 of 1st period - Shot by Dillon Dube.
5:23 of 1st period - Goal by Dillon Dube - Silver Tips : 1 - Reign : 2.
5:24 of 1st period - Sheldon Dries wins face-off versus Juuso Parssinen in neutral zone.
5:30 of 1st period - Ryan Lomberg is hit by Marc Staal and loses puck.
5:32 of 1st period - Minor Penalty to Marc Staal for Interference.
5:33 of 1st period - Dylan Holloway wins face-off versus Oskar Lindblom in Silver Tips zone.
5:33 of 1st period - Dylan Holloway is hit by Ryan Lomberg.
6:14 of 1st period - Icing by Mason Geertsen.
6:15 of 1st period - Daniel Walcott wins face-off versus Juuso Parssinen in Reign zone.
6:28 of 1st period - Shot by Topi Niemela.
6:28 of 1st period - Shot Misses the Net.
6:30 of 1st period - Shot by Topi Niemela.
6:30 of 1st period - Shot Misses the Net.
7:09 of 1st period - Shot by Oskar Lindblom.
7:09 of 1st period - Stopped by Joel Hofer with a rebound.
7:11 of 1st period - Shot by Josiah Didier.
7:11 of 1st period - Stopped by Joel Hofer without a rebound.
7:12 of 1st period - Sheldon Dries wins face-off versus Kailer Yamamoto in Silver Tips zone.
7:31 of 1st period - Shot by Topi Niemela.
7:31 of 1st period - Stopped by Joel Hofer with a rebound.
7:33 of 1st period - Shot by Walker Duehr.
7:33 of 1st period - Shot Blocked by Marc Staal.
7:47 of 1st period - Shot by Daniel Walcott.
7:47 of 1st period - Deflect By Walker Duehr.
7:47 of 1st period - Shot Misses the Net.
8:24 of 1st period - Off-side.
8:25 of 1st period - Sheldon Dries wins face-off versus Nathan Todd in neutral zone.
9:49 of 1st period - Shot by Dylan Holloway.
9:49 of 1st period - Deflect By Brock McGinn.
9:49 of 1st period - Stopped by Matt Murray without a rebound.
9:50 of 1st period - Daniel Walcott wins face-off versus Dylan Holloway in Reign zone.
10:05 of 1st period - Shot by Dylan Holloway.
10:05 of 1st period - Stopped by Matt Murray with a rebound.
10:09 of 1st period - Shot by Brock McGinn.
10:09 of 1st period - Stopped by Matt Murray without a rebound.
10:10 of 1st period - Raphael Lavoie wins face-off versus Dillon Dube in Reign zone.
10:52 of 1st period - Shot by Turner Elson.
10:52 of 1st period - Shot Misses the Net.
10:54 of 1st period - Shot by Victor Mete.
10:54 of 1st period - Goal by Victor Mete - Silver Tips : 1 - Reign : 3.
10:55 of 1st period - Dylan Holloway wins face-off versus Daniel Walcott in neutral zone.
11:03 of 1st period - Off-side.
11:04 of 1st period - Dylan Holloway wins face-off versus Daniel Walcott in neutral zone.
11:09 of 1st period - Shot by Brock McGinn.
11:09 of 1st period - Stopped by Matt Murray without a rebound.
11:10 of 1st period - Juuso Parssinen wins face-off versus Turner Elson in Reign zone.
11:27 of 1st period - Shot by Daniel Walcott.
11:27 of 1st period - Shot Misses the Net.
11:29 of 1st period - Shot by Walker Duehr.
11:29 of 1st period - Stopped by Joel Hofer with a rebound.
11:31 of 1st period - Shot by Walker Duehr.
11:31 of 1st period - Shot Misses the Net.
11:33 of 1st period - Shot by Turner Elson.
11:33 of 1st period - Stopped by Joel Hofer with a rebound.
11:35 of 1st period - Shot by Walker Duehr.
11:35 of 1st period - Deflect By Turner Elson.
11:35 of 1st period - Goal by Turner Elson - Silver Tips : 1 - Reign : 4.
11:35 of 1st period - Sebastian Cossa enters game.
11:36 of 1st period - Sheldon Dries wins face-off versus Dylan Holloway in neutral zone.
11:49 of 1st period - Icing by Ryan Lomberg.
11:50 of 1st period - Sheldon Dries wins face-off versus Raphael Lavoie in Reign zone.
11:50 of 1st period - Billy Sweezey is hit by Raphael Lavoie and loses puck.
11:59 of 1st period - Minor Penalty to Sheldon Dries for Diving.
12:00 of 1st period - Samuel Fagemo wins face-off versus Mason Geertsen in Reign zone.
12:06 of 1st period - Shot by Erik Gustafsson.
12:06 of 1st period - Shot Blocked by Samuel Blais.
12:08 of 1st period - Shot by Juuso Parssinen.
12:08 of 1st period - Stopped by Matt Murray without a rebound.
12:09 of 1st period - Juuso Parssinen wins face-off versus Mason Geertsen in Reign zone.
12:12 of 1st period - Shot by Marc Staal.
12:12 of 1st period - Goal by Marc Staal - Silver Tips : 2 - Reign : 4.
12:13 of 1st period - Samuel Blais wins face-off versus Juuso Parssinen in neutral zone.
12:31 of 1st period - Daniel Walcott is hit by Marc Staal and loses puck.
13:20 of 1st period - Yegor Zamula is hit by Samuel Blais and loses puck.
14:20 of 1st period - Icing by Justin Schultz.
14:21 of 1st period - Sheldon Dries wins face-off versus Juuso Parssinen in Reign zone.
14:21 of 1st period - Sheldon Dries is hit by Kailer Yamamoto.
14:26 of 1st period - Minor Penalty to Erik Gustafsson for Hooking.
14:27 of 1st period - Dylan Holloway wins face-off versus Sheldon Dries in Silver Tips zone.
14:35 of 1st period - Off-side.
14:36 of 1st period - Dylan Holloway wins face-off versus Sheldon Dries in neutral zone.
14:36 of 1st period - Dylan Holloway is hit by Ryan Lomberg.
15:35 of 1st period - Shot by Kailer Yamamoto.
15:35 of 1st period - Shot Misses the Net.
16:40 of 1st period - Shot by Yegor Zamula.
16:40 of 1st period - Shot Hit the Post.
17:22 of 1st period - Shot by Elmer Soderblom.
17:22 of 1st period - Shot Misses the Net.
18:04 of 1st period - Shot by Walker Duehr.
18:04 of 1st period - Shot Misses the Net.
18:59 of 1st period - Topi Niemela is hit by Juuso Parssinen.
Goals for this period are 2 for Silver Tips vs 4 for Reign.
Shots for this period are 9 for Silver Tips vs 9 for Reign.

2nd period


0:01 of 2nd period - Samuel Blais wins face-off versus Kailer Yamamoto in neutral zone.
0:03 of 2nd period - Victor Mete is hit by Marc Staal and loses puck.
0:19 of 2nd period - Shot by Corey Andonovski.
0:19 of 2nd period - Shot Blocked by Marc Staal.
0:21 of 2nd period - Shot by Daniel Walcott.
0:21 of 2nd period - Stopped by Sebastian Cossa without a rebound.
0:22 of 2nd period - Sheldon Dries wins face-off versus Dylan Holloway in Silver Tips zone.
0:28 of 2nd period - Oskar Lindblom is hit by Caleb Jones and loses puck.
0:37 of 2nd period - Shot by Ryan Lomberg.
0:37 of 2nd period - Shot Blocked by Brock McGinn.
0:39 of 2nd period - Shot by Ryan Lomberg.
0:39 of 2nd period - Shot Misses the Net.
0:48 of 2nd period - Ryan Lomberg is hit by Caleb Jones and loses puck.
0:55 of 2nd period - Shot by Ryan Lomberg.
0:55 of 2nd period - Stopped by Sebastian Cossa without a rebound.
0:56 of 2nd period - Juuso Parssinen wins face-off versus Samuel Blais in Silver Tips zone.
1:01 of 2nd period - Shot by Juuso Parssinen.
1:01 of 2nd period - Shot Misses the Net.
1:34 of 2nd period - Icing by Kailer Yamamoto.
1:35 of 2nd period - Sheldon Dries wins face-off versus Juuso Parssinen in Silver Tips zone.
2:07 of 2nd period - Brock McGinn is hit by Billy Sweezey and loses puck.
2:19 of 2nd period - Dylan Holloway is hit by Mason Geertsen and loses puck.
3:03 of 2nd period - Shot by Chase De Leo.
3:03 of 2nd period - Stopped by Matt Murray without a rebound.
3:04 of 2nd period - Daniel Walcott wins face-off versus Nathan Todd in Reign zone.
3:15 of 2nd period - Shot by Daniel Walcott.
3:15 of 2nd period - Stopped by Sebastian Cossa with a rebound.
3:17 of 2nd period - Shot by Victor Mete.
3:17 of 2nd period - Stopped by Sebastian Cossa without a rebound.
3:18 of 2nd period - Elmer Soderblom wins face-off versus Dillon Dube in Silver Tips zone.
3:18 of 2nd period - Elmer Soderblom is hit by Samuel Blais.
3:21 of 2nd period - Brock McGinn is hit by Samuel Blais and loses puck.
4:20 of 2nd period - Shot by Will Riedell.
4:20 of 2nd period - Stopped by Sebastian Cossa without a rebound.
4:21 of 2nd period - Daniel Walcott wins face-off versus Nathan Todd in Silver Tips zone.
4:26 of 2nd period - Shot by Daniel Walcott.
4:26 of 2nd period - Stopped by Sebastian Cossa without a rebound.
4:27 of 2nd period - Nathan Todd wins face-off versus Daniel Walcott in Silver Tips zone.
4:27 of 2nd period - Nathan Todd is hit by Turner Elson.
4:43 of 2nd period - Double Minor Penalty to Turner Elson for Roughing.
4:44 of 2nd period - Juuso Parssinen wins face-off versus Mason Geertsen in Reign zone.
4:54 of 2nd period - Icing by Caleb Jones.
4:55 of 2nd period - Mason Geertsen wins face-off versus Juuso Parssinen in Silver Tips zone.
4:58 of 2nd period - Shot by Samuel Blais.
4:58 of 2nd period - Stopped by Sebastian Cossa without a rebound.
4:59 of 2nd period - Dylan Holloway wins face-off versus Mason Geertsen in Silver Tips zone.
5:59 of 2nd period - Shot by Samuel Fagemo.
5:59 of 2nd period - Stopped by Matt Murray without a rebound.
6:00 of 2nd period - Sheldon Dries wins face-off versus Juuso Parssinen in Reign zone.
6:11 of 2nd period - Shot by Juuso Parssinen.
6:11 of 2nd period - Shot Misses the Net.
6:13 of 2nd period - Shot by Caleb Jones.
6:13 of 2nd period - Stopped by Matt Murray with a rebound.
6:15 of 2nd period - Shot by Samuel Fagemo.
6:15 of 2nd period - Stopped by Matt Murray without a rebound.
6:16 of 2nd period - Juuso Parssinen wins face-off versus Mason Geertsen in Reign zone.
7:12 of 2nd period - Dylan Holloway is hit by Billy Sweezey and loses puck.
7:54 of 2nd period - Icing by Raphael Lavoie.
7:55 of 2nd period - Adam Cracknell wins face-off versus Sheldon Dries in Silver Tips zone.
8:01 of 2nd period - Shot by David Jiricek.
8:01 of 2nd period - Goal by David Jiricek - Silver Tips : 3 - Reign : 4.
8:02 of 2nd period - Nathan Todd wins face-off versus Sheldon Dries in neutral zone.
8:07 of 2nd period - Shot by Jeremy Davies.
8:07 of 2nd period - Deflect By Nathan Todd.
8:07 of 2nd period - Shot Blocked by Ryan Lomberg.
8:09 of 2nd period - Shot by Kailer Yamamoto.
8:09 of 2nd period - Shot Misses the Net.
8:13 of 2nd period - Shot by Adam Cracknell.
8:13 of 2nd period - Goal by Adam Cracknell - Silver Tips : 4 - Reign : 4.
8:14 of 2nd period - Raphael Lavoie wins face-off versus Oskar Lindblom in neutral zone.
8:19 of 2nd period - Shot by Samuel Fagemo.
8:19 of 2nd period - Stopped by Matt Murray without a rebound.
8:20 of 2nd period - Dylan Holloway wins face-off versus Daniel Walcott in Reign zone.
8:29 of 2nd period - Shot by Walker Duehr.
8:29 of 2nd period - Shot Misses the Net.
8:31 of 2nd period - Shot by Daniel Walcott.
8:31 of 2nd period - Stopped by Sebastian Cossa without a rebound.
8:31 of 2nd period - Minor Penalty to Sebastian Cossa for Delaying the game.
8:32 of 2nd period - Dylan Holloway wins face-off versus Sheldon Dries in Silver Tips zone.
9:34 of 2nd period - Shot by Samuel Blais.
9:34 of 2nd period - Deflect By Daniel Walcott.
9:34 of 2nd period - Shot Blocked by Dylan Holloway.
9:40 of 2nd period - Shot by Steven Lorentz.
9:40 of 2nd period - Shot Blocked by Erik Gustafsson.
10:59 of 2nd period - Shot by Samuel Fagemo.
10:59 of 2nd period - Shot Misses the Net.
11:01 of 2nd period - Shot by Samuel Fagemo.
11:01 of 2nd period - Stopped by Matt Murray without a rebound.
11:02 of 2nd period - Nathan Todd wins face-off versus Dillon Dube in Reign zone.
11:02 of 2nd period - Nathan Todd is hit by Topi Niemela.
11:08 of 2nd period - Shot by Caleb Jones.
11:08 of 2nd period - Stopped by Matt Murray without a rebound.
11:09 of 2nd period - Dillon Dube wins face-off versus Nathan Todd in Reign zone.
11:09 of 2nd period - Dillon Dube is hit by Nathan Todd.
11:22 of 2nd period - Nathan Todd is hit by Mason Geertsen.
11:37 of 2nd period - Dillon Dube is hit by Adam Cracknell and loses puck.
12:26 of 2nd period - Raphael Lavoie is hit by Ryan Lomberg.
13:07 of 2nd period - Shot by Dillon Dube.
13:07 of 2nd period - Shot Misses the Net.
13:11 of 2nd period - Shot by Samuel Blais.
13:11 of 2nd period - Shot Misses the Net.
13:13 of 2nd period - Shot by Steven Lorentz.
13:13 of 2nd period - Stopped by Sebastian Cossa without a rebound.
13:14 of 2nd period - Dylan Holloway wins face-off versus Walker Duehr in Silver Tips zone.
14:10 of 2nd period - Icing by Nathan Todd.
14:11 of 2nd period - Sheldon Dries wins face-off versus Juuso Parssinen in Silver Tips zone.
14:37 of 2nd period - Shot by Sheldon Dries.
14:37 of 2nd period - Stopped by Sebastian Cossa with a rebound.
14:39 of 2nd period - Shot by Sheldon Dries.
14:39 of 2nd period - Stopped by Sebastian Cossa with a rebound.
14:41 of 2nd period - Shot by Sheldon Dries.
14:41 of 2nd period - Shot Misses the Net.
14:43 of 2nd period - Shot by Sheldon Dries.
14:43 of 2nd period - Stopped by Sebastian Cossa without a rebound.
14:44 of 2nd period - Dylan Holloway wins face-off versus Dillon Dube in Silver Tips zone.
14:48 of 2nd period - Off-side.
14:49 of 2nd period - Raphael Lavoie wins face-off versus Dillon Dube in neutral zone.
16:07 of 2nd period - Shot by Oskar Lindblom.
16:07 of 2nd period - Stopped by Sebastian Cossa without a rebound.
16:08 of 2nd period - Daniel Walcott wins face-off versus Nathan Todd in Silver Tips zone.
16:23 of 2nd period - Shot by Daniel Walcott.
16:23 of 2nd period - Shot Misses the Net.
16:37 of 2nd period - Minor Penalty to Billy Sweezey for Tripping.
16:38 of 2nd period - Juuso Parssinen wins face-off versus Mason Geertsen in Reign zone.
17:30 of 2nd period - Shot by Elmer Soderblom.
17:30 of 2nd period - Stopped by Matt Murray with a rebound.
17:32 of 2nd period - Shot by Dylan Holloway.
17:32 of 2nd period - Stopped by Matt Murray with a rebound.
17:34 of 2nd period - Shot by Caleb Jones.
17:34 of 2nd period - Stopped by Matt Murray with a rebound.
17:36 of 2nd period - Shot by Caleb Jones.
17:36 of 2nd period - Stopped by Matt Murray without a rebound.
17:37 of 2nd period - Elmer Soderblom wins face-off versus Mason Geertsen in Reign zone.
17:40 of 2nd period - Shot by Yegor Zamula.
17:40 of 2nd period - Shot Misses the Net.
17:44 of 2nd period - Shot by Caleb Jones.
17:44 of 2nd period - Shot Blocked by Topi Niemela.
17:46 of 2nd period - Shot by Brock McGinn.
17:46 of 2nd period - Deflect By Elmer Soderblom.
17:46 of 2nd period - Shot Blocked by Will Riedell.
18:16 of 2nd period - Shot by Erik Gustafsson.
18:16 of 2nd period - Stopped by Matt Murray without a rebound.
18:17 of 2nd period - Steven Lorentz wins face-off versus Juuso Parssinen in Reign zone.
18:17 of 2nd period - Steven Lorentz is hit by Samuel Fagemo.
18:42 of 2nd period - Icing by Justin Schultz.
18:43 of 2nd period - Daniel Walcott wins face-off versus Raphael Lavoie in Reign zone.
19:32 of 2nd period - Shot by Sheldon Dries.
19:32 of 2nd period - Shot Misses the Net.
19:34 of 2nd period - Shot by Oskar Lindblom.
19:34 of 2nd period - Shot Misses the Net.
19:46 of 2nd period - Shot by Sheldon Dries.
19:46 of 2nd period - Stopped by Sebastian Cossa with a rebound.
Goals for this period are 2 for Silver Tips vs 0 for Reign.
Shots for this period are 14 for Silver Tips vs 14 for Reign.

3rd period


0:01 of 3rd period - Nathan Todd wins face-off versus Samuel Blais in neutral zone.
0:01 of 3rd period - Marc Staal is hit by Samuel Blais and loses puck.
0:14 of 3rd period - Shot by Adam Cracknell.
0:14 of 3rd period - Stopped by Matt Murray with a rebound.
0:16 of 3rd period - Shot by Marc Staal.
0:16 of 3rd period - Stopped by Matt Murray with a rebound.
0:26 of 3rd period - Shot by Kailer Yamamoto.
0:26 of 3rd period - Stopped by Matt Murray without a rebound.
0:27 of 3rd period - Dylan Holloway wins face-off versus Oskar Lindblom in Reign zone.
0:27 of 3rd period - Dylan Holloway is hit by Topi Niemela.
0:31 of 3rd period - Shot by Dylan Holloway.
0:31 of 3rd period - Shot Misses the Net.
1:25 of 3rd period - Erik Gustafsson is hit by Turner Elson and loses puck.
1:42 of 3rd period - Shot by Daniel Walcott.
1:42 of 3rd period - Deflect By Walker Duehr.
1:42 of 3rd period - Shot Misses the Net.
2:08 of 3rd period - Icing by Billy Sweezey.
2:09 of 3rd period - Turner Elson wins face-off versus Samuel Fagemo in Reign zone.
2:09 of 3rd period - Walker Duehr is hit by Samuel Fagemo.
2:29 of 3rd period - Shot by Chase De Leo.
2:29 of 3rd period - Shot Blocked by Daniel Walcott.
2:41 of 3rd period - Shot by Raphael Lavoie.
2:41 of 3rd period - Stopped by Matt Murray without a rebound.
2:42 of 3rd period - Dillon Dube wins face-off versus Nathan Todd in Reign zone.
3:03 of 3rd period - Shot by Dillon Dube.
3:03 of 3rd period - Shot Misses the Net.
3:32 of 3rd period - Marc Staal is hit by Steven Lorentz and loses puck.
4:12 of 3rd period - Shot by Samuel Fagemo.
4:12 of 3rd period - Shot Misses the Net.
4:32 of 3rd period - Minor Penalty to Samuel Fagemo for Interference.
4:33 of 3rd period - Dylan Holloway wins face-off versus Daniel Walcott in Silver Tips zone.
4:42 of 3rd period - Shot by Daniel Walcott.
4:42 of 3rd period - Shot Misses the Net.
4:54 of 3rd period - Shot by Juuso Parssinen.
4:54 of 3rd period - Stopped by Matt Murray without a rebound.
4:55 of 3rd period - Dylan Holloway wins face-off versus Sheldon Dries in Reign zone.
5:10 of 3rd period - Shot by Oskar Lindblom.
5:10 of 3rd period - Shot Misses the Net.
5:12 of 3rd period - Shot by Ryan Lomberg.
5:12 of 3rd period - Shot Misses the Net.
5:14 of 3rd period - Shot by Ryan Lomberg.
5:14 of 3rd period - Shot Misses the Net.
6:01 of 3rd period - Shot by Daniel Walcott.
6:01 of 3rd period - Shot Misses the Net.
6:13 of 3rd period - Shot by Josiah Didier.
6:13 of 3rd period - Stopped by Sebastian Cossa without a rebound.
6:14 of 3rd period - Dylan Holloway wins face-off versus Daniel Walcott in Silver Tips zone.
7:06 of 3rd period - Shot by Nathan Todd.
7:06 of 3rd period - Shot Blocked by Walker Duehr.
7:19 of 3rd period - Icing by Billy Sweezey.
7:20 of 3rd period - Raphael Lavoie wins face-off versus Dillon Dube in Reign zone.
7:28 of 3rd period - Icing by Mason Geertsen.
7:29 of 3rd period - Dillon Dube wins face-off versus Raphael Lavoie in Reign zone.
7:29 of 3rd period - Dillon Dube is hit by Samuel Fagemo.
8:32 of 3rd period - Icing by Brock McGinn.
8:33 of 3rd period - Dylan Holloway wins face-off versus Corey Andonovski in Silver Tips zone.
9:13 of 3rd period - Off-side.
9:14 of 3rd period - Raphael Lavoie wins face-off versus Sheldon Dries in neutral zone.
9:29 of 3rd period - Samuel Fagemo is hit by Ryan Lomberg and loses puck.
9:34 of 3rd period - Shot by Oskar Lindblom.
9:34 of 3rd period - Shot Blocked by Caleb Jones.
10:12 of 3rd period - Icing by Oskar Lindblom.
10:13 of 3rd period - Sheldon Dries wins face-off versus Brock McGinn in Reign zone.
10:25 of 3rd period - Brock McGinn is hit by Josiah Didier and loses puck.
10:33 of 3rd period - Minor Penalty to Josiah Didier for Interference.
10:34 of 3rd period - Daniel Walcott wins face-off versus Juuso Parssinen in Reign zone.
10:34 of 3rd period - Samuel Blais is hit by Juuso Parssinen.
10:39 of 3rd period - Shot by Samuel Blais.
10:39 of 3rd period - Shot Blocked by Juuso Parssinen.
10:41 of 3rd period - Shot by Billy Sweezey.
10:41 of 3rd period - Shot Misses the Net.
11:47 of 3rd period - Shot by Yegor Zamula.
11:47 of 3rd period - Stopped by Matt Murray without a rebound.
11:48 of 3rd period - Sheldon Dries wins face-off versus Dylan Holloway in Reign zone.
11:54 of 3rd period - Minor Penalty to Samuel Blais for High sticking.
11:55 of 3rd period - Steven Lorentz wins face-off versus Elmer Soderblom in Reign zone.
12:16 of 3rd period - Shot by Yegor Zamula.
12:16 of 3rd period - Stopped by Matt Murray without a rebound.
12:17 of 3rd period - Juuso Parssinen wins face-off versus Steven Lorentz in Reign zone.
12:42 of 3rd period - Victor Mete is hit by Juuso Parssinen and loses puck.
13:13 of 3rd period - Shot by Caleb Jones.
13:13 of 3rd period - Shot Misses the Net.
13:15 of 3rd period - Shot by Caleb Jones.
13:15 of 3rd period - Shot Misses the Net.
13:17 of 3rd period - Shot by Brock McGinn.
13:17 of 3rd period - Stopped by Matt Murray without a rebound.
13:18 of 3rd period - Daniel Walcott wins face-off versus Juuso Parssinen in Reign zone.
13:31 of 3rd period - Shot by Samuel Fagemo.
13:31 of 3rd period - Stopped by Matt Murray with a rebound.
13:33 of 3rd period - Shot by Juuso Parssinen.
13:33 of 3rd period - Stopped by Matt Murray without a rebound.
13:34 of 3rd period - Mason Geertsen wins face-off versus Dylan Holloway in Reign zone.
13:43 of 3rd period - Shot by Caleb Jones.
13:43 of 3rd period - Stopped by Matt Murray without a rebound.
13:44 of 3rd period - Mason Geertsen wins face-off versus Juuso Parssinen in Reign zone.
14:07 of 3rd period - Icing by Justin Schultz.
14:08 of 3rd period - Nathan Todd wins face-off versus Dillon Dube in Reign zone.
14:57 of 3rd period - Shot by Ryan Lomberg.
14:57 of 3rd period - Deflect By Oskar Lindblom.
14:57 of 3rd period - Shot Misses the Net.
15:52 of 3rd period - Shot by Dylan Holloway.
15:52 of 3rd period - Shot Misses the Net.
15:54 of 3rd period - Shot by Brock McGinn.
15:54 of 3rd period - Shot Blocked by Turner Elson.
15:56 of 3rd period - Shot by Brock McGinn.
15:56 of 3rd period - Shot Misses the Net.
15:58 of 3rd period - Shot by Dylan Holloway.
15:58 of 3rd period - Stopped by Matt Murray without a rebound.
15:59 of 3rd period - Dillon Dube wins face-off versus Samuel Fagemo in Reign zone.
16:57 of 3rd period - Icing by Mason Geertsen.
16:58 of 3rd period - Dylan Holloway wins face-off versus Daniel Walcott in Reign zone.
17:12 of 3rd period - Walker Duehr is hit by Erik Gustafsson.
17:26 of 3rd period - Shot by Turner Elson.
17:26 of 3rd period - Stopped by Sebastian Cossa with a rebound.
17:28 of 3rd period - Shot by Billy Sweezey.
17:28 of 3rd period - Shot Blocked by Erik Gustafsson.
17:32 of 3rd period - Shot by Turner Elson.
17:32 of 3rd period - Shot Misses the Net.
17:44 of 3rd period - Shot by Ryan Lomberg.
17:44 of 3rd period - Shot Blocked by Erik Gustafsson.
17:49 of 3rd period - Sheldon Dries is hit by Erik Gustafsson and loses puck.
17:52 of 3rd period - Shot by Josiah Didier.
17:52 of 3rd period - Stopped by Sebastian Cossa with a rebound.
18:00 of 3rd period - Shot by Ryan Lomberg.
18:00 of 3rd period - Shot Misses the Net.
18:12 of 3rd period - Shot by Oskar Lindblom.
18:12 of 3rd period - Shot Misses the Net.
18:33 of 3rd period - Shot by Samuel Blais.
18:33 of 3rd period - Stopped by Sebastian Cossa with a rebound.
19:02 of 3rd period - Icing by Billy Sweezey.
19:03 of 3rd period - Nathan Todd wins face-off versus Daniel Walcott in Reign zone.
19:03 of 3rd period - Nathan Todd is hit by Billy Sweezey.
19:08 of 3rd period - Icing by Mason Geertsen.
19:09 of 3rd period - Nathan Todd wins face-off versus Daniel Walcott in Reign zone.
19:29 of 3rd period - Icing by Billy Sweezey.
19:30 of 3rd period - Raphael Lavoie wins face-off versus Daniel Walcott in Reign zone.
19:30 of 3rd period - Raphael Lavoie is hit by Mason Geertsen.
19:36 of 3rd period - Shot by Chase De Leo.
19:36 of 3rd period - Deflect By Samuel Fagemo.
19:36 of 3rd period - Stopped by Matt Murray with a rebound.
Goals for this period are 0 for Silver Tips vs 0 for Reign.
Shots for this period are 13 for Silver Tips vs 4 for Reign.

Overtime #1


0:01 of 1st overtime period - Sheldon Dries wins face-off versus Adam Cracknell in neutral zone.
0:10 of 1st overtime period - Shot by Samuel Blais.
0:10 of 1st overtime period - Stopped by Sebastian Cossa without a rebound.
0:11 of 1st overtime period - Adam Cracknell wins face-off versus Mason Geertsen in Silver Tips zone.
1:31 of 1st overtime period - Icing by Marc Staal.
1:32 of 1st overtime period - Kailer Yamamoto wins face-off versus Mason Geertsen in Silver Tips zone.
2:16 of 1st overtime period - Shot by Samuel Fagemo.
2:16 of 1st overtime period - Stopped by Matt Murray without a rebound.
2:17 of 1st overtime period - Adam Cracknell wins face-off versus Sheldon Dries in Reign zone.
2:24 of 1st overtime period - Shot by Adam Cracknell.
2:24 of 1st overtime period - Stopped by Matt Murray without a rebound.
2:25 of 1st overtime period - Adam Cracknell wins face-off versus Sheldon Dries in Reign zone.
2:28 of 1st overtime period - Shot by Juuso Parssinen.
2:28 of 1st overtime period - Shot Misses the Net.
2:30 of 1st overtime period - Shot by Juuso Parssinen.
2:30 of 1st overtime period - Shot Blocked by Steven Lorentz.
2:32 of 1st overtime period - Shot by Adam Cracknell.
2:32 of 1st overtime period - Stopped by Matt Murray without a rebound.
2:33 of 1st overtime period - Sheldon Dries wins face-off versus Adam Cracknell in Reign zone.
3:15 of 1st overtime period - Icing by Steven Lorentz.
3:16 of 1st overtime period - Sheldon Dries wins face-off versus Kailer Yamamoto in Reign zone.
3:26 of 1st overtime period - Icing by Marc Staal.
3:27 of 1st overtime period - Mason Geertsen wins face-off versus Kailer Yamamoto in Silver Tips zone.
Goals for this period are 0 for Silver Tips vs 0 for Reign.
Shots for this period are 3 for Silver Tips vs 1 for Reign.

ShootOut


5:00 of 1st overtime period - Round #1.
5:00 of 1st overtime period - Silver Tips, Samuel Fagemo.
5:00 of 1st overtime period - Goal by Samuel Fagemo.
5:00 of 1st overtime period - Reign, Walker Duehr.
5:00 of 1st overtime period - Goal by Walker Duehr.
5:00 of 1st overtime period - Round #2.
5:00 of 1st overtime period - Silver Tips, Juuso Parssinen.
5:00 of 1st overtime period - Stopped by Matt Murray.
5:00 of 1st overtime period - Reign, Samuel Blais.
5:00 of 1st overtime period - Stopped by Sebastian Cossa.
5:00 of 1st overtime period - Round #3.
5:00 of 1st overtime period - Silver Tips, Kailer Yamamoto.
5:00 of 1st overtime period - Shot Misses the Net.
5:00 of 1st overtime period - Reign, Sheldon Dries.
5:00 of 1st overtime period - Goal by Sheldon Dries.